 Dungeon Crawl Stone Soup version 0.23.2-30-g0e89c35649 (webtiles) character file.

Game seed: 16929300342084308779

1660 Moridin the Spear-Bearer (level 8, -1/68 HPs)
             Began as a Minotaur Hunter on June 10, 2019.
             Was a Priest of Nemelex Xobeh.
             Killed by a card of wild magic (29 damage)
             ... on level 7 of the Dungeon on June 11, 2019.
             The game lasted 01:08:33 (5123 turns).

Moridin the Spear-Bearer (Minotaur Hunter)          Turns: 5123, Time: 01:08:36

Health: -1/68      AC:  8    Str: 17    XL:     8   Next: 68%
Magic:  7/7        EV: 15    Int:  9    God:    Nemelex Xobeh [***...]
Gold:   445        SH:  0    Dex: 12    Spells: 7/7 levels left

rFire    . . .     SeeInvis .   p - +0 halberd
rCold    . . .     Gourm    .   (shield currently unavailable)
rNeg     . . .     Faith    .   j - +1 ring mail
rPois    .         Spirit   .   (helmet restricted)
rElec    .         Reflect  .   (no cloak)
rCorr    .         Harm     .   y - +0 pair of gloves
MR       .....                  (no boots)
Stlth    +.........             (no amulet)
HPRegen  0.21/turn              r - +2 ring of slaying
MPRegen  0.10/turn              (no ring)

@: no status effects
A: retaliatory headbutt, horns 2, repulsion field 2, blurry vision 1
a: Draw Escape, Draw Destruction, Draw Summoning, Triple Draw, Renounce Religion


You were on level 7 of the Dungeon.
You worshipped Nemelex Xobeh.
Nemelex Xobeh was most pleased with you.
You were not hungry.

You visited 2 branches of the dungeon, and saw 8 of its levels.
You also visited: Ossuary.

You collected 445 gold pieces.

Inventory:

Hand Weapons
 a - a +0 short sword
 o - a +2 hand axe of chopping
 p - a +0 halberd (weapon)
Missiles
 c - 5 javelins (quivered)
 d - 2 throwing nets
 g - 15 poisoned needles
Armour
 j - a +1 ring mail (worn)
 x - a +1 helmet
 y - a +0 pair of gloves (worn)
Jewellery
 r - a +2 ring of slaying (left hand)
 t - an uncursed amulet of rage
Wands
 i - a wand of random effects (22)
Scrolls
 e - a scroll of amnesia
 k - 12 scrolls of identify
 l - 2 scrolls of remove curse
 m - 2 scrolls of enchant armour
 q - a scroll of blinking
 s - a scroll of fog
Potions
 b - a potion of might {unknown}
 h - 3 potions of curing
 n - 5 potions of agility
 u - 3 potions of haste
 v - a potion of lignification
 w - 3 potions of ambrosia
Comestibles
 f - 11 rations


   Skills:
 + Level 5.2 Fighting
 - Level 0.3 Short Blades
 - Level 1.0(5.8) Axes
 * Level 9.2(9.3) Polearms
 + Level 5.3 Throwing
 + Level 5.0 Armour
 + Level 4.0 Dodging
 + Level 1.3 Stealth


You had 7 spell levels left.
You didn't know any spells.
Your spell library contained the following spells:

 Spells                   Type           Power        Failure   Level  Hunger
 Corona                   Hex            #......      56%         1    ##.....
 Ensorcelled Hibernation  Hex/Ice        #.....       71%         2    ###....
 Confuse                  Hex            #.......     91%         3    ####...
 Dazzling Spray           Conj/Hex       #.....       91%         3    ####...
 Tukima's Dance           Hex            #.......     91%         3    ####...


Dungeon Overview and Level Annotations

Branches:
Dungeon (7/15)             Temple (1/1) D:4

Altars:
Ashenzari
Cheibriados
Dithmenos
Elyvilon
Fedhas
Gozag
Hepliaklqana
Kikubaaqudgha
Makhleb
Nemelex Xobeh
Okawaru
Qazlal
Ru
Sif Muna
Trog
Uskayaw
Vehumet
Wu Jian
Xom
Yredelemnul
Zin
The Shining One

Shops:
D:5 *   D:6 [%


Innate Abilities, Weirdness & Mutations

You reflexively headbutt those who attack you in melee.
You have a pair of horns on your head.
You are surrounded by a moderate repulsion field. (EV +3)
Scrolls take you a little longer to read.


Message History

The explosion engulfs the gnoll!!!
The gnoll dies!
The explosion engulfs the wight!!
The wight is destroyed!
Your Dodging skill increases to level 4!
The explosion engulfs the gnoll!!
The gnoll dies!
Your Polearms skill increases to level 9!
The explosion engulfs the gnoll sergeant!!!
The gnoll sergeant dies!
The explosion engulfs the gnoll!!
The gnoll dies!
The explosion engulfs your polar bear!! The explosion engulfs your rust devil!!
Your rust devil dies!
The explosion engulfs your catoblepas!!
The explosion engulfs the ice beast!!!
The ice beast dies!
Your Armour skill increases to level 5!
The explosion engulfs you!!
You die...
Your body glows with a rainbow of weird colours and disappears.

.. #..
.... ...
####.####
#..)....#
#Y.)...>#
#@))))..#
#h))....#
#..k....#
#.......#
#.......#
#########


You could see a friendly catoblepas, a friendly wind drake and a friendly polar
bear.

Vanquished Creatures
  Pikel (D:5)
  A black bear (D:4)
  A necrophage (D:6)
  An ogre (D:6)
  An elf zombie (Ossuary)
  A howler monkey (D:4)
  2 wights (D:7)
  A centaur zombie (D:6)
  2 hounds (D:5)
  A centaur skeleton (D:4)
  2 worker ants
  4 mummies (Ossuary)
  6 gnolls
  7 adders
  An ooze (D:1)
  An adder skeleton (D:4)
  3 worms
  4 dart slugs
  4 leopard geckos
  3 orcs
  2 ball pythons
  2 bats
  7 giant cockroaches
  4 goblins
  7 hobgoblins
  4 jackals (D:1)
  6 kobolds
  A ball python zombie (D:5)
  5 frilled lizards
  A hobgoblin zombie (Ossuary)
  3 jackal zombies
  A kobold zombie (Ossuary)
  A leopard gecko zombie (D:4)
  6 rats
97 creatures vanquished.

Vanquished Creatures (collateral kills)
  A centaur (D:5)
  A gnoll sergeant (D:5)
  2 wights (D:7)
  A crimson imp (D:5)
  A gnoll (D:5)
  A shadow imp (D:5)
  A hobgoblin zombie (Ossuary)
  3 kobold zombies (Ossuary)
  3 rat zombies (Ossuary)
14 creatures vanquished.

Vanquished Creatures (others)
  An ice beast (D:7)
  A gnoll sergeant (D:7)
  A wight (D:7)
  3 gnolls (D:7)
  3 jackals (D:4)
9 creatures vanquished.

Grand Total: 120 creatures vanquished

Notes
Turn   | Place    | Note
-------+----------+-------------------------------------------
     0 | D:1      | Moridin the Minotaur Hunter began the quest for the Orb.
     0 | D:1      | Reached XP level 1. HP: 18/18 MP: 0/0
    73 | D:1      | Reached XP level 2. HP: 25/25 MP: 1/1
   391 | D:1      | Reached XP level 3. HP: 17/30 MP: 2/2
   803 | D:2      | Reached skill level 1 in Armour
   900 | D:2      | Reached skill level 1 in Axes
   900 | D:2      | Reached XP level 4. HP: 25/37 MP: 3/3
  1336 | D:2      | Reached skill level 1 in Polearms
  1483 | D:2      | Found a sparkling altar of Nemelex Xobeh.
  1491 | D:2      | Became a worshipper of Nemelex Xobeh the Trickster
  1497 | D:2      | Gained mutation: Scrolls take you a little longer to read.
                  | [potion of mutation]
  1497 | D:2      | Gained mutation: You are somewhat resistant to further
                  | mutation. [potion of mutation]
  1499 | D:2      | Lost mutation: Scrolls take you a little longer to read.
                  | [potion of mutation]
  1499 | D:2      | Lost mutation: You are somewhat resistant to further
                  | mutation. [potion of mutation]
  1499 | D:2      | Gained mutation: You are surrounded by a mild repulsion
                  | field. (EV +2) [potion of mutation]
  1499 | D:2      | Gained mutation: Scrolls take you a little longer to read.
                  | [potion of mutation]
  1499 | D:2      | Gained mutation: You are surrounded by a moderate repulsion
                  | field. (EV +3) [potion of mutation]
  1590 | D:3      | Received a gift from Nemelex Xobeh
  2021 | D:3      | Reached XP level 5. HP: 45/45 MP: 4/4
  2207 | D:4      | Reached skill level 2 in Polearms
  2207 | D:4      | Reached skill level 5 in Throwing
  2207 | D:4      | Reached skill level 1 in Stealth
  2239 | D:4      | Reached * piety under Nemelex Xobeh
  2362 | D:4      | Received a gift from Nemelex Xobeh
  2388 | D:4      | Reached skill level 3 in Polearms
  2402 | D:4      | Found a sand-covered staircase.
  2406 | Ossuary  | Entered an ossuary
  2421 | Ossuary  | Reached XP level 6. HP: 32/51 MP: 5/5
  2446 | Ossuary  | Reached skill level 4 in Polearms
  2735 | D:4      | Received a gift from Nemelex Xobeh
  2880 | D:4      | Reached ** piety under Nemelex Xobeh
  2931 | D:4      | Found a staircase to the Ecumenical Temple.
  2939 | Temple   | Entered the Ecumenical Temple
  3329 | D:4      | Reached skill level 5 in Polearms
  3521 | D:4      | Received a gift from Nemelex Xobeh
  3892 | D:5      | Entered Level 5 of the Dungeon
  3948 | D:5      | Reached XP level 7. HP: 47/58 MP: 6/6
  3950 | D:5      | Reached skill level 6 in Polearms
  4017 | D:5      | Found Mina's Elemental Accessories.
  4112 | D:5      | Received a gift from Nemelex Xobeh
  4395 | D:5      | Noticed Pikel
  4406 | D:5      | Killed Pikel
  4406 | D:5      | Reached skill level 8 in Polearms
  4406 | D:5      | Reached XP level 8. HP: 26/67 MP: 7/7
  4714 | D:6      | Found Xapho's Food Emporium.
  4759 | D:6      | Reached *** piety under Nemelex Xobeh
  4800 | D:6      | Found Noiwk's Antique Armour Emporium.
  4805 | D:6      | Found a burning altar of Makhleb.
  5115 | D:7      | Reached skill level 5 in Fighting
  5123 | D:7      | Reached skill level 9 in Polearms
  5123 | D:7      | Reached skill level 5 in Armour
  5123 | D:7      | Killed by a card of wild magic

Skill      XL: |  1  2  3  4  5  6  7  8 |
---------------+-------------------------+-----
Armour         | 1 2 4 5 |  5.0
Axes           | 1 |  1.0
Dodging        | 3 4 |  4.0
Polearms       | 1 3 5 8 9 |  9.2
Fighting       | 3 4 5 |  5.2
Throwing       | 5 |  5.3
Stealth        | 1 |  1.3
Short Blades   | |  0.3

Action                   |  1- 3 |  4- 6 |  7- 9 || total
-------------------------+-------+-------+-------++-------
Melee: Short sword       |    59 |     3 |       ||    62
       Headbutt          |    10 |    10 |     7 ||    27
       Hand axe          |    33 |       |       ||    33
       Halberd           |       |    90 |    47 ||   137
Throw: Javelin           |    10 |    13 |     5 ||    28
 Abil: Draw Summoning    |       |     4 |     2 ||     6
       Draw Destruction  |       |     5 |     2 ||     7
  Use: Scroll            |     2 |     6 |     6 ||    14
       Potion            |       |     8 |       ||     8
  Eat: Ration            |       |     4 |     1 ||     5
Armor: Leather armour    |    20 |       |       ||    20
       Ring mail         |     7 |    34 |    15 ||    56
Dodge: Dodged            |    75 |    70 |    65 ||   210
